 Dungeon Crawl Stone Soup version 0.29-a0-770-g2e8140cf71 (console) character file.

Game seed: 14226915485785596436

618 Banquo the Cleaver (level 7, -17/59 HPs)
             Began as a Hill Orc Fighter on July 1, 2022.
             Demolished by Menkaure (19 damage)
             ... on level 4 of the Dungeon.
             The game lasted 00:07:33 (3389 turns).

Banquo the Cleaver (Hill Orc Fighter)               Turns: 3389, Time: 00:07:34

Health: -17/59     AC:  7    Str: 19    XL:     7   Next: 45%
Magic:  7/7        EV:  9    Int:  8    God:
Gold:   118        SH:  5    Dex: 12    Spells: 6/6 levels left

rFire   . . .      SeeInvis .   a - +0 war axe
rCold   . . .      Faith    .   c - +1 buckler
rNeg    . . .      Spirit   .   b - +0 scale mail
rPois   .          Reflect  .   (no helmet)
rElec   .          Harm     .   (no cloak)
rCorr   .          Rampage  .   (no gloves)
Will    .....                   (no boots)
Stlth   ..........              (no amulet)
HPRegen 0.19/turn               (no ring)
MPRegen 0.10/turn               (no ring)

@: no status effects
A: no striking features
a: no special abilities


You were on level 4 of the Dungeon.
You visited 1 branch of the dungeon, and saw 4 of its levels.

You collected 183 gold pieces.
You spent 65 gold pieces at shops.

Inventory:

Hand Weapons
 a - a +0 war axe (weapon)
 o - a +0 war axe
 p - a +1 whip of electrocution
 s - a +1 flail of protection
Missiles
 h - 3 boomerangs
 j - 8 poisoned darts (quivered)
 k - 16 stones
Armour
 b - a +0 scale mail (worn)
 c - a +1 buckler (worn)
Wands
 i - a wand of digging (4)
Scrolls
 f - 2 scrolls of blinking {unknown}
 l - 5 scrolls of noise {unknown}
 m - 2 scrolls of teleportation
 r - a scroll of identify
Potions
 d - a potion of might
 e - a potion of cancellation
 g - a potion of berserk rage
 n - a potion of degeneration {unknown}
 q - 2 potions of lignification
 t - a potion of mutation


   Skills:
 + Level 4.0 Fighting
 * Level 9.9 Axes
 + Level 3.8 Armour
 + Level 0.4 Dodging
 + Level 3.5 Shields


You had 6 spell levels left.
You didn't know any spells.
Your spell library contained the following spells:

 Spells                   Type           Power      Damage    Failure   Level
 Apportation              Tloc           0%         N/A       86%         1
 Alistair's Intoxication  Tmut/Pois      0%         N/A       100%        5


Dungeon Overview and Level Annotations

Branches:
Dungeon (4/15)
 Temple: D:4-7

Altars:

Shops:
D:2 (?

Annotations:
D:4 Menkaure


Message History

Your Axes skill gained 2 levels and is now at level 9!
You have reached level 6!
You have reached level 7!
i - a wand of digging (4);
n - a brown potion
Things that are here:
a +1 whip of electrocution; a +0 robe; the kobold corpse of Pikel
p - a +1 whip of electrocution
There is a stone staircase leading down here.
There is a stone staircase leading down, spattered with blood here.
You start resting.
HP restored.
You climb downwards.
Level annotation: Menkaure
There is a stone staircase leading up here.
You now have 118 gold pieces (gained 16).
A quokka is nearby!
A quokka is nearby!
You hit the quokka.
The quokka is heavily wounded.
The quokka bites you.
Menkaure shouts!
You slash the quokka!
You kill the quokka!
You hit Menkaure but do no damage. Menkaure hits you!!
You hit Menkaure but do no damage. Menkaure hits you!
You are too injured to fight recklessly!
You are too injured to fight recklessly!
You barely miss Menkaure. Menkaure hits you!!
* * * LOW HITPOINT WARNING * * *
You closely miss Menkaure. You block Menkaure's attack.
You hit Menkaure.
Menkaure is lightly damaged.
You slash Menkaure!
Menkaure is heavily damaged.
Menkaure hits you!
* * * LOW HITPOINT WARNING * * *
You hit Menkaure.
Menkaure is severely damaged.
Menkaure hits you!!
You die...

,***,*##...#..####.......<.......
,**,,........#..##.)....#........
,,,,*####...###....).....#.....#.
,,,,,***#.#####....<.........###*
,*,*,,*#..* #...........#.####
,,,**,....* #.##.#......#.#
,,****....**#.##.#........#
*,***,,*#..##.##M###..##..##*
,,**,,***#.$....@..#........#**
,*,,,** #.##.............#..,***
,,,*** *#.#........)......##,,,*
,*******#..................#***,*
** *,,..........†.........# *,*
*****,*#.##................# *,,
,,,,,,*#,*#..........<.....# ***
*******,,*#...........)....#*****
******,,**#.#................,,,*


You could see Menkaure.

Vanquished Creatures
  Pikel (D:3)
  A lemure (D:3)
  2 orc wizards (D:3)
  3 gnolls (D:3)
  3 adders
  2 worms (D:2)
  5 orcs
  6 bats
  4 endoplasms
  3 giant cockroaches
  6 goblins
  6 hobgoblins
  4 jackals (D:2)
  4 quokkas
  9 ball pythons
  A frilled lizard (D:3)
  4 kobolds
  7 rats
71 creatures vanquished.

Notes
Turn   | Place    | Note
-------+----------+-------------------------------------------
     0 | D:1      | Banquo the Hill Orc Fighter began the quest for the Orb.
     0 | D:1      | Reached XP level 1. HP: 19/19 MP: 1/1
   136 | D:1      | Reached skill level 3 in Axes
   214 | D:1      | Reached XP level 2. HP: 26/26 MP: 2/2
   496 | D:1      | Reached skill level 4 in Axes
   797 | D:2      | Reached XP level 3. HP: 16/31 MP: 3/3
   941 | D:2      | Found Jupp's Antique Weapon Emporium.
  1181 | D:2      | Reached skill level 5 in Axes
  1263 | D:2      | Found Zicwueph's Magic Scroll Emporium.
  1278 | D:2      | Bought a scroll of teleportation for 39 gold pieces
  1278 | D:2      | Bought a scroll of identify for 26 gold pieces
  1595 | D:2      | Reached XP level 4. HP: 39/39 MP: 4/4
  1637 | D:2      | Found a faded altar of an unknown god.
  2094 | D:3      | Reached skill level 6 in Axes
  2412 | D:3      | Reached XP level 5. HP: 28/45 MP: 5/5
  2415 | D:3      | Reached skill level 7 in Axes
  2997 | D:4      | Noticed Menkaure
  3036 | D:4      | Noticed a lemure
  3038 | D:4      | Noticed Pikel
  3038 | D:4      | Noticed a lemure
  3041 | D:4      | Noticed a lemure
  3042 | D:4      | Noticed a lemure
  3053 | D:3      | Killed a lemure
  3259 | D:3      | Killed Pikel
  3260 | D:3      | Reached skill level 9 in Axes
  3260 | D:3      | Reached XP level 6. HP: 34/52 MP: 6/6
  3260 | D:3      | Reached XP level 7. HP: 39/59 MP: 7/7
  3388 | D:4      | HP: 2/59 [Menkaure (8)]
  3389 | D:4      | Demolished by Menkaure

Illustrated notes

Levels and vault maps discovered:
D:1:      scummos_arrival_simple_crosswalls, layout_loops_ring
D:2:      layout_basic, serial_shops, shop_scrolls, shop,
          shapermc_ecumenical_altar_mp_ritualfount
D:3:      layout_rooms
D:4:      layout_rooms, nicolae_shop_vocational, uniq_menkaure, uniq_pikel

Skill      XL: |  1  2  3  4  5 |
---------------+----------------+-----
Axes           | 3 4 5 6 9 |  9.9
Fighting       | 4 |  4.0
Armour         | |  3.8
Dodging        | |  0.4
Shields        | |  3.5

Action                   |  1- 3 |  4- 6 |  7- 9 || total
-------------------------+-------+-------+-------++-------
Melee: War axe           |    99 |    95 |     9 ||   203
  Use: Scroll            |     2 |     6 |       ||     8
       Potion            |       |     1 |       ||     1
Armor: Scale mail        |    48 |    36 |       ||    84
Dodge: Dodged            |    45 |    42 |       ||    87
Block: Buckler           |    25 |    26 |     1 ||    52

Table legend: (Time is in decaauts)
 A = Elapsed time spent in this place.
 B = Non-inter-level travel time spent in this place.
 C = Inter-level travel time spent in this place.
 D = Time resting spent in this place.
 E = Time spent auto-exploring this place.
 F = Levels seen in this place.
 G = Mean time per level.
                   A        B        C        D        E       F      G
               +--------+--------+--------+--------+--------+-----+--------+
         Total |   3444 |   3200 |    244 |    726 |   1809 |   4 |  861.0 |
       Dungeon |   3444 |   3200 |    244 |    726 |   1809 |   4 |  861.0 |
               +--------+--------+--------+--------+--------+-----+--------+

Top non-repeatable levels by time:
     D:2: 1667 daAuts
     D:3: 883 daAuts
     D:1: 799 daAuts
     D:4: 94 daAuts
